 Dungeon Crawl Stone Soup version 0.30-a0-743-gbfdf073431 (webtiles) character file.

Game seed: 7218482499090325179

368 Lavandula the Cutter (level 7, 0/52 HPs)
             Began as a Human Monk on Feb 6, 2023.
             Slain by Grinder (6 damage)
             ... on level 3 of the Dungeon.
             The game lasted 00:04:53 (2704 turns).

Lavandula the Cutter (Human Monk)                   Turns: 2704, Time: 00:04:53

Health: 0/52       AC:  7    Str: 14    XL:     7   Next: 1%
Magic:  7/7        EV: 10    Int: 10    God:
Gold:   99         SH:  0    Dex: 15    Spells: 6/6 levels left

rFire   . . .      SeeInvis .    g - +1 dagger (venom)
rCold   . . .      Faith    .    (no shield)
rNeg    . . .      Spirit   .    e - +0 scale mail
rPois   .          Reflect  .    (no helmet)
rElec   .          Harm     .    q - +0 cloak
rCorr   .          Rampage  .    (no gloves)
Will    .....                    (no boots) Stlth
                                 r - amulet of the acrobat
HPRegen 0.28/turn                (no ring)
MPRegen 0.10/turn                (no ring)

@: confused, ambrosia-drunk
A: no striking features
a: no special abilities


You were on level 3 of the Dungeon.
You visited 1 branch of the dungeon, and saw 3 of its levels.

You collected 99 gold pieces.

Inventory:

Hand Weapons
 a - a +0 falchion
 g - a +1 dagger of venom (weapon)
Armour
 b - a +0 robe
 e - a +0 scale mail (worn)
 q - a +0 cloak (worn)
Jewellery
 r - an amulet of the acrobat (around neck)
Scrolls
 f - 2 scrolls of magic mapping {unknown}
 h - 2 scrolls of amnesia {unknown}
 k - a scroll of acquirement {unknown}
 l - a scroll of identify {unknown}
 m - a scroll of noise {unknown}
 o - a scroll of poison {unknown}
 t - a scroll of vulnerability {unknown}
Potions
 d - a potion of might {unknown}
 i - a potion of haste {unknown}
 j - a potion of invisibility {unknown}
 n - 3 potions of heal wounds {unknown}
 p - a potion of curing {unknown}
 s - a potion of cancellation {unknown}
 u - a potion of brilliance {unknown}


   Skills:
 - Level 3.0 Fighting
 + Level 6.0(6.5) Short Blades
 - Level 3.8(5.5) Long Blades
 - Level 3.0 Dodging
 - Level 2.0 Stealth


You had 6 spell levels left.
You didn't know any spells.
Your spell library contained the following spells:

 Spells                   Type           Power      Damage    Failure   Level
 Ensorcelled Hibernation  Hex/Ice        0%         N/A       95%         2
 Scorch                   Fire           0%         2d5       95%         2
 Ozocubu's Armour         Ice            0%         N/A       99%         3
 Spider Form              Tmut/Pois      0%         N/A       99%         3
 Anguish                  Hex/Necr       0%         N/A       100%        4
 Flame Wave               Conj/Fire      0%         2d4       100%        4
 Summon Cactus Giant      Summ           0%         N/A       100%        6
 Ozocubu's Refrigeration  Ice            0%         4d7       100%        7


Dungeon Overview and Level Annotations

Branches:
Dungeon (3/15)

Altars:
Ashenzari
Wu Jian
Yredelemnul

Shops:
D:2 :

Annotations:
D:3 Grinder


Message History

Okay, then.
Grinder blinks!
You closely miss Grinder. You hit Grinder.
Grinder is lightly wounded.
Grinder gestures at you. Pain shoots through your body!
You hit Grinder.
Grinder is poisoned.
Grinder is lightly wounded.
Grinder zaps a wand.
The bolt of dispelling energy hits you!
You hit Grinder.
Grinder looks as sick as possible!
Grinder is moderately wounded.
You closely miss Grinder. You punch Grinder, but do no damage.
Grinder is moderately wounded.
Grinder zaps a wand.
The bolt of dispelling energy hits you!
* * * LOW HITPOINT WARNING * * *
You closely miss Grinder.
Grinder is moderately wounded.
Grinder barely misses you.
You hit Grinder but do no damage.
Grinder is moderately wounded.
You hit Grinder but do no damage.
Grinder is heavily wounded.
Grinder hits you.
* * * LOW HITPOINT WARNING * * *
You writhe in agony.
* * * LOW HITPOINT WARNING * * *
You are confused.
You feel invigorated. Grinder hits you.
* * * LOW HITPOINT WARNING * * *
You writhe in agony.
* * * LOW HITPOINT WARNING * * *
You bump into the rock wall.
Grinder hits you.
* * * LOW HITPOINT WARNING * * *
You writhe in agony.
* * * LOW HITPOINT WARNING * * *
You bump into the rock wall.
Grinder hits you.
* * * LOW HITPOINT WARNING * * *
You writhe in agony.
You die...

.....#....##.....###...#
#.
.....#....##...).###...#
#.
....#............#......#
#.
.#.##...##.....##.......#
#. #.
#..#####.####.......# #.
# #.. #..# #.....### #.
#.. #.## #.....# #. #..
#.# #.....# #.
#..####@#########.# ##
......5....# #.#
..#.....#### #.# #.....#
#.# # ##.#..# ..#.....#
#.# †...... #..+.....#
#.# ##...## #..#.....###
#.# .#...# #..#.......#
#.######
♣.#..####..#...#.#.#
#.......


You could see Grinder (very poisoned).

Vanquished Creatures
  Sigmund (D:2)
  A black bear (D:3)
  4 adders
  2 dart slugs
  An orc (D:3)
  9 bats
  9 endoplasms
  2 giant cockroaches
  8 goblins
  5 hobgoblins
  5 kobolds
  A quokka (D:3)
  2 ball pythons
  10 frilled lizards
  3 rats
63 creatures vanquished.

Vanquished Creatures (others)
  6 plants (D:3)
6 creatures vanquished.

Grand Total: 69 creatures vanquished

Notes
Turn   | Place    | Note
-------+----------+-------------------------------------------
     0 | D:1      | Lavandula the Human Monk began the quest for the Orb.
     0 | D:1      | Reached XP level 1. HP: 18/18 MP: 1/1
    48 | D:1      | Found a faded altar of an unknown god.
    53 | D:1      | Reached XP level 2. HP: 23/24 MP: 2/2
   627 | D:2      | Reached XP level 3. HP: 29/29 MP: 3/3
   648 | D:2      | Reached skill level 1 in Short Blades
   704 | D:2      | Noticed Sigmund
   784 | D:3      | Noticed a black bear
   895 | D:2      | Found Ywiar's Book Boutique.
   900 | D:2      | Reached skill level 2 in Short Blades
   930 | D:2      | Reached XP level 4. HP: 33/35 MP: 4/4
  1073 | D:2      | Killed Sigmund
  1074 | D:2      | Reached skill level 4 in Short Blades
  1074 | D:2      | Reached XP level 5. HP: 14/41 MP: 5/5
  1074 | D:2      | Reached XP level 6. HP: 17/47 MP: 6/6
  1079 | D:2      | Reached skill level 5 in Short Blades
  1892 | D:3      | Killed a black bear
  2051 | D:3      | Found a broken altar of Ashenzari.
  2058 | D:3      | Found a basalt altar of Yredelemnul.
  2410 | D:3      | Reached skill level 6 in Short Blades
  2410 | D:3      | Reached XP level 7. HP: 18/52 MP: 7/7
  2544 | D:3      | Found an ornate altar of the Wu Jian Council.
  2690 | D:3      | Noticed Grinder
  2704 | D:3      | Slain by Grinder

Illustrated notes

Levels and vault maps discovered:
D:1:      lemuel_arrival_rhombus, layout_basic, shapermc_ecumenical_altar_gd
D:2:      layout_basic, serial_shops, nicolae_shop_trees, uniq_sigmund
D:3:      layout_basic, amethyst_overflow_temple_binary,
          nicolae_wu_jian_wuxing_cycle, grunt_decor_one_mirror,
          chequers_serial_rivers_small_b, minmay_lizard_king, uniq_grinder

Skill      XL: |  1  2  3  4  5  6 |
---------------+-------------------+-----
Short Blades   | 2 4 6 |  6.0
Fighting       | |  3.0
Long Blades    | |  3.8
Dodging        | |  3.0
Stealth        | |  2.0

Action                     |  1- 3 |  4- 6 |  7- 9 || total
---------------------------+-------+-------+-------++-------
  Melee: Falchion          |    46 |       |       ||    46
         Dagger            |    59 |   115 |    18 ||   192
         Punch             |       |     2 |     1 ||     3
    Use: Potion            |       |       |     1 ||     1
 Armour: Scale mail        |    47 |    59 |     1 ||   107
         Robe              |     1 |       |       ||     1
  Dodge: Dodged            |    55 |    63 |     5 ||   123

Table legend: (Time is in decaauts)
 A = Elapsed time spent in this place.
 B = Non-inter-level travel time spent in this place.
 C = Inter-level travel time spent in this place.
 D = Time resting spent in this place.
 E = Time spent auto-exploring this place.
 F = Levels seen in this place.
 G = Mean time per level.
                   A        B        C        D        E       F      G
               +--------+--------+--------+--------+--------+-----+--------+
         Total |   2662 |   2599 |     63 |    267 |   1830 |   3 |  887.3 |
       Dungeon |   2662 |   2599 |     63 |    267 |   1830 |   3 |  887.3 |
               +--------+--------+--------+--------+--------+-----+--------+

Top non-repeatable levels by time:
     D:2: 1120 daAuts
     D:3: 906 daAuts
     D:1: 635 daAuts
